 Dungeon Crawl Stone Soup version 0.23.2-33-g5129a83184 (webtiles) character file.

Game seed: 1242528281542642580

7390 OrcJesus the Blocker (level 11, -2/99 HPs)
             Began as a Hill Orc Fighter on Aug 3, 2019.
             Was a High Priest of Beogh.
             Slain by a hell beast (14 damage)
             ... in a Gauntlet on Aug 5, 2019.
             The game lasted 00:52:45 (9847 turns).

OrcJesus the Blocker (Hill Orc Fighter)             Turns: 9847, Time: 00:52:45

Health: -2/99      AC: 21    Str: 20    XL:     11   Next: 14%
Magic:  11/11      EV:  3    Int:  8    God:    Beogh [*****.]
Gold:   546        SH: 20    Dex: 13    Spells: 10/10 levels left

rFire    . . .     SeeInvis .   a - +2 war axe
rCold    . . .     Gourm    .   h - +2 large shield
rNeg     . . .     Faith    .   g - +0 plate armour
rPois    .         Spirit   .   (helmet restricted)
rElec    .         Reflect  .   A - +0 cloak
rCorr    .         Harm     .   (no gloves)
MR       +....     NoTele   +   v - +2 pair of boots
Stlth    ..........             (no amulet)
HPRegen  0.26/turn              (no ring)
MPRegen  0.12/turn              (no ring)

@: berserk cooldown, slowed, very slow
A: walk on water, horns 1, iridescent scales 1, rugged brown scales 1, magic
resistance 1
a: Smiting, Recall Orcish Followers, Give Item to Named Follower, Renounce
Religion


You were in a Gauntlet.
You worshipped Beogh.
Beogh was extremely pleased with you.
You were hungry.

You visited 1 branch of the dungeon, and saw 11 of its levels.
You also visited: Gauntlet.

You collected 546 gold pieces.

Inventory:

Hand Weapons
 a - a +2 war axe (weapon)
 b - a +2 hand axe of freezing
 w - a +0 glaive
 C - a +2 trident of protection
 F - a +2 spear of venom
Armour
 g - a +0 plate armour (worn)
 h - a +2 large shield (worn)
 v - a +2 pair of boots (worn)
 A - a +0 cloak (worn)
 B - a +0 helmet
Wands
 j - a wand of acid (2)
 D - a wand of enslavement (6)
Scrolls
 i - 2 scrolls of teleportation
 k - a scroll of fog
 o - 5 scrolls of enchant weapon
 p - 3 scrolls of amnesia
 s - 4 scrolls of remove curse
 t - 2 scrolls of enchant armour
 y - a scroll of magic mapping
 E - a scroll of blinking
 J - a scroll of identify
Potions
 c - a potion of resistance
 d - 3 potions of might
 e - a potion of brilliance
 l - 3 potions of agility
 m - a potion of heal wounds
 n - 3 potions of mutation
 r - a potion of ambrosia
 u - 3 potions of flight
 z - 2 potions of haste
 I - a potion of invisibility
Comestibles
 f - 22 rations


   Skills:
 + Level 9.4 Fighting
 + Level 11.2 Axes
 + Level 8.6 Armour
 * Level 11.6 Shields


You had 10 spell levels left.
You didn't know any spells.
Your spell library was empty.

Dungeon Overview and Level Annotations

Branches:
Dungeon (11/15)            Temple (0/1) D:5             Orc (0/2) D:9
   Lair: D:8-11

Altars:
Ashenzari
Dithmenos
Elyvilon
Hepliaklqana
Kikubaaqudgha
Nemelex Xobeh
Qazlal
Sif Muna
Trog
Uskayaw
Zin
The Shining One
Beogh

Shops:
D:6 (   D:8 *   D:9 }

Annotations:
D:3 2 transporters, YoMomma's ghost, amateur TrBe Gauntlet 11 transporters, 2 runed translucent doors, exclusion: obsidian statue


Innate Abilities, Weirdness & Mutations

You can walk on water.
You have a pair of small horns on your head.
You are partially covered in iridescent scales. (AC +2)
You are partially covered in rugged brown scales. (AC +1, +3% HP)
You are resistant to hostile enchantments. (MR+)


Message History

You hold your ground!
The hell beast barely misses you. The hell beast tramples you.
* * * LOW HITPOINT WARNING * * *
You hold your ground!
Evoke which item? (* to show all) (? for menu, Esc to quit)
Aiming: Corrosive Bolt
Press: ? - help, Shift-Dir - straight line, f - hell beast
Aim: a hell beast (severely wounded)
The bolt of acid hits the hell beast!
The hell beast is splashed with acid.
The hell beast is almost dead.
You block the hell beast's attack. The hell beast tramples you!
* * * LOW HITPOINT WARNING * * *
You hold your ground!
You block the hell beast's attack.
The hell beast tramples you but does no damage.
Evoke which item? (* to show all) (? for menu, Esc to quit)
Aiming: Corrosive Bolt
Press: ? - help, Shift-Dir - straight line, f/p - hell beast
Aim: a hell beast (almost dead)
The bolt of acid misses the hell beast.
The hell beast bites you!
You die...

##......#.©.#........#...#....
##.8...#.8.#...8....#.©.#....
#≈.....#.©.#.....###########.
##...#########...#..[.©)"..#.
#≈...#©#.#...#...#^PP...PP^#.
##...##=.#.#.#...#.^#PPP#..#.
#≈...#.[[#.#.#...#.^PP.PP^.#.
##.8.####©.#.#.8.#....©....#.
#≈...#.....#@#...#G.P^.PPP.#.
##...#.####2.#...#uP#PPP#^.#.
#≈...#.......#...#^PPP..P^.#.
##...#########...#.........#.
#≈.......©.......###########.
##.8.....8.....8......©......
#≈....§............∩..8..∩...
##≈#≈#§#≈#≈#≈#≈#..........§§.
################≈#≈#≈#§#≈#§#


You could see a hell beast, a great orb of eyes and a purple ugly thing.

Vanquished Creatures
  2 two-headed ogres
  Joseph (D:9)
  3 hippogriffs
  A vampire (D:11)
  A steam dragon (D:7)
  A hungry ghost (D:8)
  3 orc warriors
  An ice beast (D:9)
  3 sky beasts
  3 black bears
  5 ogres
  2 necrophages
  4 centaurs
  A big kobold (D:9)
  A crocodile (D:9)
  5 bullfrogs
  A gnoll sergeant (D:9)
  A water moccasin zombie (D:7)
  A wyvern skeleton (D:8)
  3 scorpions
  5 wights (D:7)
  A howler monkey (D:6)
  5 crimson imps
  4 jellies
  3 hounds
  4 orc priests
  10 orc wizards
  2 centaur skeletons
  Jessica (D:2)
  2 iguanas
  11 worker ants
  A hound skeleton (D:6)
  2 worker ant zombies
  2 gnolls (D:9)
  11 adders
  4 river rats (D:4)
  2 shadow imps (D:5)
  8 oozes
  An adder skeleton (D:8)
  An adder zombie (D:5)
  3 worms
  2 dart slugs (D:2)
  A leopard gecko (D:1)
  30 orcs
  A ball python (D:4)
  6 bats
  6 giant cockroaches
  10 goblins
  7 hobgoblins
  5 jackals
  4 quokkas
  5 frilled lizards
  A giant cockroach zombie (D:5)
  8 kobolds
  10 rats
222 creatures vanquished.

Vanquished Creatures (collateral kills)
  2 hippogriffs
  A hungry ghost (D:10)
  A water moccasin (D:11)
  3 orc warriors
  A sky beast (D:11)
  A black bear (D:9)
  A necrophage (D:8)
  2 centaurs (D:9)
  A big kobold (D:9)
  2 orc priests
  2 orc wizards
  A gnoll (D:9)
  An ooze (D:8)
  An adder skeleton (D:9)
  A leopard gecko (D:8)
  10 orcs
  A quokka (D:10)
  8 kobolds (D:9)
40 creatures vanquished.

Vanquished Creatures (others)
  An orc wizard (D:9)
  A jelly (D:9)
  2 orc priests
  23 orcs
  A demonic plant (Gauntlet)
  12 withered plants (Gauntlet)
40 creatures vanquished.

Grand Total: 302 creatures vanquished

Notes
Turn   | Place    | Note
-------+----------+-------------------------------------------
     0 | D:1      | OrcJesus the Hill Orc Fighter began the quest for the Orb.
     0 | D:1      | Reached XP level 1. HP: 19/19 MP: 1/1
   102 | D:1      | Reached XP level 2. HP: 25/27 MP: 2/2
   556 | D:1      | Reached XP level 3. HP: 33/33 MP: 3/3
   811 | D:2      | Found a glowing golden altar of the Shining One.
   827 | D:2      | Noticed Jessica
   836 | D:2      | Killed Jessica
   836 | D:2      | Reached XP level 4. HP: 40/40 MP: 4/4
   984 | D:2      | Found a deep blue altar of Sif Muna.
  1547 | D:2      | Found a bloodstained altar of Trog.
  1700 | D:3      | Found a hide-covered altar of Uskayaw.
  1873 | D:3      | Found a transporter.
  1876 | D:3      | Noticed an ogre
  1876 | D:3      | Noticed YoMomma's ghost (amateur TrBe)
  1879 | D:3      | Noticed an ogre
  1880 | D:3      | Found a transporter.
  1891 | D:3      | Became a worshipper of Beogh the Brigand
  1898 | D:3      | Reached XP level 5. HP: 45/46 MP: 5/5
  2127 | D:3      | You fall through a shaft!
  2183 | D:4      | Reached skill level 5 in Axes
  2340 | D:4      | Noticed an ogre
  2345 | D:4      | Killed an ogre
  2345 | D:4      | Reached skill level 5 in Shields
  2345 | D:4      | Reached XP level 6. HP: 12/53 MP: 6/6
  3084 | D:4      | Reached * piety under Beogh
  3198 | D:4      | Reached XP level 7. HP: 48/60 MP: 7/7
  3578 | D:5      | Entered Level 5 of the Dungeon
  3586 | D:5      | Reached skill level 5 in Fighting
  3711 | D:5      | Found a hazy altar of Hepliaklqana.
  3779 | D:5      | Found a staircase to the Ecumenical Temple.
  3881 | D:5      | Found a shattered altar of Ashenzari.
  3934 | D:5      | Reached skill level 5 in Armour
  3997 | D:5      | Reached XP level 8. HP: 68/69 MP: 8/8
  4015 | D:5      | Reached ** piety under Beogh
  4605 | D:6      | Found a white marble altar of Elyvilon.
  4786 | D:6      | Found a glowing silver altar of Zin.
  4787 | D:6      | Found a sparkling altar of Nemelex Xobeh.
  4804 | D:6      | Found an ancient bone altar of Kikubaaqudgha.
  4902 | D:6      | Found Zeane's Weapon Shop.
  5451 | D:7      | Reached XP level 9. HP: 70/78 MP: 9/9
  5800 | D:7      | Reached *** piety under Beogh
  6144 | D:7      | Found a shadowy altar of Dithmenos.
  6293 | D:8      | Found Fyelao's Assorted Antiques.
  6294 | D:8      | Noticed a two-headed ogre
  6302 | D:8      | Killed a two-headed ogre
  6321 | D:8      | Reached XP level 10. HP: 50/88 MP: 10/10
  6591 | D:8      | Reached skill level 10 in Axes
  6591 | D:8      | Reached skill level 10 in Shields
  6618 | D:8      | Found a glowing golden altar of the Shining One.
  6887 | D:8      | You fall through a shaft for 2 floors!
  6887 | D:10     | Entered Level 10 of the Dungeon
  7032 | D:9      | Noticed a two-headed ogre
  7042 | D:9      | Killed a two-headed ogre
  7151 | D:8      | Reached **** piety under Beogh
  7348 | D:9      | Found Lopnop's Gadget Emporium.
  7479 | D:9      | Noticed Joseph
  7492 | D:9      | Killed Joseph
  7716 | D:9      | Found a roughly hewn altar of Beogh.
  7716 | D:9      | Found a staircase to the Orcish Mines.
  7721 | D:9      | Reached ***** piety under Beogh
  7728 | D:9      | HP: 1/91 [orc priest/nerve-wracking pain (10)]
  8293 | D:9      | Found a stormy altar of Qazlal.
  8637 | D:10     | Reached XP level 11. HP: 97/97 MP: 11/11
  9557 | D:11     | Found a gate leading to a gauntlet.
  9581 | Gauntlet | Entered a Gauntlet
  9581 | Gauntlet | Found a transporter.
  9581 | Gauntlet | Noticed a hell beast
  9591 | Gauntlet | Found a transporter.
  9592 | Gauntlet | Noticed a great orb of eyes
  9593 | Gauntlet | Found a transporter.
  9596 | Gauntlet | Found a transporter.
  9597 | Gauntlet | Found a transporter.
  9600 | Gauntlet | Found a transporter.
  9601 | Gauntlet | Found a runed translucent door.
  9605 | Gauntlet | Found a transporter.
  9607 | Gauntlet | Found a runed translucent door.
  9610 | Gauntlet | Found a transporter.
  9647 | Gauntlet | Noticed a purple ugly thing
  9650 | Gauntlet | Found a transporter.
  9656 | Gauntlet | Found a transporter.
  9673 | Gauntlet | Found a transporter.
  9687 | Gauntlet | Found a transporter.
  9688 | Gauntlet | Noticed an obsidian statue
  9826 | Gauntlet | Gained mutation: You are resistant to hostile enchantments.
                  | (MR+) [potion of mutation]
  9826 | Gauntlet | Gained mutation: You are partially covered in rugged brown
                  | scales. (AC +1, +3% HP) [potion of mutation]
  9826 | Gauntlet | Gained mutation: You are partially covered in iridescent
                  | scales. (AC +2) [potion of mutation]
  9826 | Gauntlet | Gained mutation: You have a pair of small horns on your
                  | head. [potion of mutation]
  9847 | Gauntlet | Slain by a hell beast

Skill      XL: |  1  2  3  4  5  6  7  8  9 10 |
---------------+-------------------------------+-----
Axes           | 3 4 5 6 7 8 9 11 | 11.2
Fighting       | 4 5 6 7 9 |  9.4
Shields        | 4 5 6 7 9 11 | 11.6
Armour         | 4 5 7 8 |  8.6

Action                   |  1- 3 |  4- 6 |  7- 9 | 10-12 || total
-------------------------+-------+-------+-------+-------++-------
Melee: War axe           |    88 |    86 |    28 |   265 ||   467
       Hand axe          |       |    59 |   320 |       ||   379
       Headbutt          |       |       |       |     3 ||     3
Invok: Convert to Beogh  |       |     1 |       |       ||     1
       Recall Orcish Fol |       |       |       |     8 ||     8
       Stop Recall       |       |       |       |     4 ||     4
Evoke: Wand              |       |       |     3 |     4 ||     7
  Use: Potion            |     1 |       |       |     5 ||     6
       Scroll            |       |     9 |     8 |     4 ||    21
 Stab: Distracted        |       |       |       |     3 ||     3
  Eat: Chunk             |       |     7 |    11 |    11 ||    29
Armor: Scale mail        |    36 |    16 |       |       ||    52
       Plate armour      |       |    85 |   138 |   119 ||   342
       Chain mail        |       |     4 |       |       ||     4
Dodge: Dodged            |    32 |    19 |    31 |    23 ||   105
Block: Shield            |    37 |    77 |    81 |       ||   195
       Large shield      |       |       |   140 |   260 ||   400
